 Dungeon Crawl Stone Soup version 0.27-a0-1191-g601b473118 (webtiles) character file.

Game seed: 11257182646061858716

2676 leviel the Cleaver (level 9, -7/71 HPs)
             Began as a Hill Orc Fighter on May 23, 2021.
             Was an Initiate of Okawaru.
             Mangled by a fire elemental (11 damage)
             ... summoned by a deep elf pyromancer
             ... on level 7 of the Dungeon.
             The game lasted 00:09:27 (8981 turns).

leviel the Cleaver (Hill Orc Fighter)               Turns: 8981, Time: 00:09:27

Health: -7/71      AC: 11    Str: 19 (22) XL:     9   Next: 64%
Magic:  9/9        EV:  4    Int:  6 (8)  God:    Okawaru [......]
Gold:   365        SH: 10    Dex:  8 (10) Spells: 8/8 levels left

rFire    . . .     SeeInvis +   a - +0 war axe
rCold    . . .     Faith    .   c - +0 kite shield
rNeg     . . .     Spirit   .   i - +0 plate armour
rPois    .         Reflect  .   (no helmet)
rElec    .         Harm     .   (no cloak)
rCorr    .         Rampage  .   (no gloves)
Will     .....                  (no boots)
Stlth    ..........             e - amulet of the acrobat
HPRegen  0.21/turn              u - ring of see invisible
MPRegen  0.11/turn              (no ring)

@: about to teleport, hasted, very quick
A: no striking features
a: Renounce Religion


You were on level 7 of the Dungeon.
You worshipped Okawaru.
Okawaru was noncommittal.
You visited 2 branches of the dungeon, and saw 8 of its levels.

You collected 365 gold pieces.

Inventory:

Hand Weapons
 a - a +0 war axe (weapon)
Armour
 b - a +0 scale mail
 c - a +0 kite shield (worn)
 i - a +0 plate armour (worn)
Jewellery
 e - an amulet of the acrobat (around neck)
 u - a ring of see invisible (left hand)
Wands
 v - a wand of paralysis (6)
Scrolls
 j - 3 scrolls of teleportation
 k - a scroll of amnesia
 s - 4 scrolls of magic mapping
Potions
 d - a potion of brilliance
 f - 2 potions of flight
 g - a potion of attraction
 l - a potion of cancellation
 n - 3 potions of curing
 t - a potion of lignification


   Skills:
 - Level 3.9 Fighting
 * Level 13.9 Axes
 - Level 3.5 Armour
 + Level 7.8 Shields


You had 8 spell levels left.
You didn't know any spells.
Your spell library contained the following spells:

 Spells                   Type           Power      Damage    Failure   Level
 Confusing Touch          Hex            0%         N/A       100%        3
 Gell's Gravitas          Tloc           0%         N/A       100%        3
 Petrify                  Tmut/Erth      0%         N/A       100%        4
 Metabolic Englaciation   Hex/Ice        0%         N/A       100%        5
 Yara's Violent Unravell  Hex/Tmut       0%         3d3       100%        5


Dungeon Overview and Level Annotations

Branches:
Dungeon (7/15)             Temple (1/1) D:6

Altars:
Ashenzari
Cheibriados
Dithmenos
Elyvilon
Fedhas
Gozag
Hepliaklqana
Kikubaaqudgha
Makhleb
Nemelex Xobeh
Okawaru
Qazlal
Ru
Sif Muna
Trog
Uskayaw
Wu Jian
Xom
Yredelemnul
Zin
The Shining One

Shops:
D:4 *   D:6 :


Message History

You destroy the fire elemental!
You feel much better.
You hit the fire elemental but do no damage.
The fire elemental hits you. The fire elemental burns you!
You hit the fire elemental.
The fire elemental is lightly damaged.
Your shield and plate armour prevent you from hitting the deep elf pyromancer.
The deep elf pyromancer is lightly wounded.
You barely miss the fire elemental. The fire elemental barely misses you.
You block the deep elf pyromancer's attack.
You closely miss the deep elf pyromancer.
The deep elf pyromancer is lightly wounded.
You hit the fire elemental. You block the fire elemental's attack.
The deep elf pyromancer hits you but does no damage.
You miss the deep elf pyromancer.
The deep elf pyromancer is lightly wounded.
You closely miss the fire elemental. The fire elemental hits you.
* * * LOW HITPOINT WARNING * * *
The fire elemental burns you!
* * * LOW HITPOINT WARNING * * *
You hit the deep elf pyromancer but do no damage.
The deep elf pyromancer is lightly wounded.
You hit the fire elemental but do no damage.
The deep elf pyromancer barely misses you.
The fire elemental completely misses you.
Okay, then.
Okay, then.
You miss the deep elf pyromancer.
The deep elf pyromancer is lightly wounded.
You hit the fire elemental. You miss the deep elf pyromancer.
The deep elf pyromancer is lightly wounded.
You closely miss the fire elemental. The fire elemental hits you.
The fire elemental burns you!
* * * LOW HITPOINT WARNING * * *
The deep elf pyromancer hits you but does no damage.
As you read the scroll of teleportation, it crumbles to dust.
You feel strangely unstable. The fire elemental hits you.
The fire elemental burns you!
You die...

'.............##○...☼.>###.#.##.#
#.............##.....#.# #.#.##.#
#.............'.○....#.###.#.##.#
#.............##°..........#.....
#.............##○....#.####....##
######...#######°....#.. #....##
#...# #E....##. #....'. #...#
#Ee...... #....## #...# #@.......
#....# #...# #......... #....#
#...# #......#.. #....# #...#
#......#.. ..#..## #...# #......#
...#.. #.)...## .. ... #.....#
#.....#


You could see a deep elf pyromancer and 2 fire elementals.

Vanquished Creatures
  A kobold demonologist (D:5)
  A steam dragon (D:7)
  2 water moccasins (D:6)
  An ice beast (D:7)
  A sky beast (D:6)
  2 black bears
  A hornet zombie (D:6)
  A necrophage (D:4)
  3 ogres
  A phantom (D:5)
  3 bullfrogs (D:7)
  5 scorpions
  A bullfrog zombie (D:5)
  2 centaur zombies
  2 orc priests
  2 hounds
  A bullfrog skeleton (D:6)
  2 centaur skeletons (D:7)
  Terence (D:2)
  2 iguanas
  An orc wizard (D:5)
  A killer bee zombie (D:6)
  A hound zombie (D:5)
  A howler monkey zombie (D:6)
  A howler monkey skeleton (D:5)
  4 adders
  14 gnolls
  A shadow imp (D:6)
  An ufetubus (D:6)
  An adder skeleton (D:4)
  2 dart slugs
  11 orcs
  6 ball pythons
  11 bats
  3 endoplasms
  2 giant cockroaches
  9 goblins
  6 hobgoblins
  4 jackals (D:3)
  5 kobolds
  A quokka (D:4)
  5 frilled lizards
  8 rats
134 creatures vanquished.

Notes
Turn   | Place    | Note
-------+----------+-------------------------------------------
     0 | D:1      | leviel the Hill Orc Fighter began the quest for the Orb.
     0 | D:1      | Reached XP level 1. HP: 19/19 MP: 1/1
    85 | D:1      | Found a faded altar of an unknown god.
   218 | D:1      | Reached XP level 2. HP: 26/27 MP: 2/2
   341 | D:1      | Reached skill level 3 in Axes
   943 | D:2      | Noticed Terence
   953 | D:2      | Killed Terence
   954 | D:2      | Reached skill level 4 in Axes
   954 | D:2      | Reached XP level 3. HP: 31/33 MP: 3/3
  1414 | D:2      | Found a glowing silver altar of Zin.
  1737 | D:2      | Reached skill level 5 in Axes
  1737 | D:2      | Reached XP level 4. HP: 33/40 MP: 4/4
  2364 | D:3      | Reached skill level 6 in Axes
  2364 | D:3      | Reached XP level 5. HP: 46/46 MP: 5/5
  2694 | D:4      | Reached skill level 7 in Axes
  3102 | D:4      | Reached XP level 6. HP: 35/52 MP: 6/6
  3262 | D:4      | Noticed a black bear
  3274 | D:4      | Killed a black bear
  3275 | D:4      | Reached skill level 8 in Axes
  3310 | D:4      | Noticed a necrophage
  3320 | D:4      | Killed a necrophage
  3321 | D:4      | Reached skill level 9 in Axes
  3585 | D:4      | Reached XP level 7. HP: 22/58 MP: 7/7
  4466 | D:4      | Found Xeroc's General Store.
  4611 | D:5      | Entered Level 5 of the Dungeon
  4723 | D:5      | Noticed a kobold demonologist
  4729 | D:5      | Noticed a soul eater
  4732 | D:5      | Noticed an ice devil
  4742 | D:5      | Noticed a ynoxinul
  4743 | D:5      | Killed a kobold demonologist
  4744 | D:5      | Reached skill level 10 in Axes
  4744 | D:5      | Reached skill level 5 in Shields
  4744 | D:5      | Reached XP level 8. HP: 19/66 MP: 8/8
  5253 | D:5      | Reached skill level 11 in Axes
  6411 | D:6      | Reached skill level 12 in Axes
  6842 | D:6      | Found Bisihyew's Book Shoppe.
  6905 | D:6      | Reached XP level 9. HP: 41/71 MP: 9/9
  7568 | D:6      | Reached skill level 13 in Axes
  7830 | D:6      | Found a staircase to the Ecumenical Temple.
  7954 | Temple   | Entered the Ecumenical Temple
  8130 | Temple   | Became a worshipper of Warmaster Okawaru
  8953 | D:7      | Noticed a deep elf pyromancer
  8981 | D:7      | Mangled by a fire elemental

Illustrated notes

Levels and vault maps discovered:
D:1:      shiori_arrival_oz, layout_basic,
          hellmonk_ecumenical_altar_pennies_from_heaven
D:2:      layout_basic, basic_altar, uniq_terence
D:3:      layout_rooms, kennysheep_generic_room_4
D:4:      layout_basic, serial_shops, kennysheep_mini
D:5:      layout_loops_cross, roderic_batcave, minmay_small_thing
D:6:      layout_basic, minmay_temple_entry_proselytizer, serial_shops, shop
D:7:      layout_basic
Temple:   kilobyte_greek_temple

Skill      XL: |  1  2  3  4  5  6  7  8  9 |
---------------+----------------------------+-----
Axes           | 4 5 6 7 9 10 12 13 | 13.9
Shields        | 4 5 6 7 |  7.8
Fighting       | |  3.9
Armour         | |  3.5

Action                   |  1- 3 |  4- 6 |  7- 9 || total
-------------------------+-------+-------+-------++-------
Melee: War axe           |    93 |   154 |   376 ||   623
  Use: Scroll            |     6 |     2 |     7 ||    15
       Potion            |       |       |     6 ||     6
Armor: Scale mail        |    12 |       |       ||    12
       Plate armour      |    44 |    90 |   198 ||   332
Dodge: Dodged            |    22 |    27 |    71 ||   120
Block: Kite shield       |    55 |    95 |   204 ||   354

Table legend: (Time is in decaauts)
 A = Elapsed time spent in this place.
 B = Non-inter-level travel time spent in this place.
 C = Inter-level travel time spent in this place.
 D = Time resting spent in this place.
 E = Time spent auto-exploring this place.
 F = Levels seen in this place.
 G = Mean time per level.
                   A        B        C        D        E       F      G
               +--------+--------+--------+--------+--------+-----+--------+
         Total |   9117 |   8899 |    218 |   3420 |   4276 |   8 | 1139.6 |
       Dungeon |   8898 |   8758 |    140 |   3420 |   4136 |   7 | 1271.1 |
        Temple |    218 |    141 |     77 |      0 |    140 |   1 |  218.0 |
               +--------+--------+--------+--------+--------+-----+--------+

Top non-repeatable levels by time:
     D:4: 1995 daAuts
     D:5: 1738 daAuts
     D:6: 1675 daAuts
     D:2: 962 daAuts
     D:3: 901 daAuts
     D:1: 872 daAuts
     D:7: 752 daAuts
  Temple: 218 daAuts
